 Dungeon Crawl Stone Soup version 0.28.0-45-g0d030f2227 (webtiles) character file.

Game seed: 6930406910044481156

1565 Naeght the Spear-Bearer (level 8, -2/96 HPs)
             Began as a Merfolk Gladiator on Apr 22, 2022.
             Was an Initiate of Yredelemnul.
             Slain by KittyFluff's ghost (10 damage)
             ... on level 6 of the Dungeon.
             The game lasted 00:15:55 (6609 turns).

Naeght the Spear-Bearer (Merfolk Gladiator)         Turns: 6609, Time: 00:15:57

Health: -2/96      AC: 24    Str: 16    XL:     8   Next: 89%
Magic:  11/11      EV:  2    Int:  7    God:    Yredelemnul [......]
Gold:   279        SH:  0    Dex: 16    Spells: 7/7 levels left

rFire   . . .      SeeInvis .   a - +0 trident
rCold   . . .      Faith    .   (no shield)
rNeg    . . .      Spirit   .   (armour currently unavailable)
rPois   +          Reflect  .   (helmet currently unavailable)
rElec   .          Harm     .   (cloak currently unavailable)
rCorr   .          Rampage  .   (gloves currently unavailable)
Will    .....      NoTele   +   (boots currently unavailable)
Stlth   +.........              (no amulet)
HPRegen 0.26/turn               (no ring)
MPRegen 0.12/turn               (no ring)

@: tree-form
A: stationary, stasis, torment immunity, boosted hp, (nimble swimmer 2),
(mertail)
a: Renounce Religion, Recall Undead Harvest


You were on level 6 of the Dungeon.
You worshipped Yredelemnul.
Yredelemnul was noncommittal.
You were a tree.
You visited 1 branch of the dungeon, and saw 6 of its levels.

You collected 279 gold pieces.

Inventory:

Hand Weapons
 a - a +0 trident (weapon)
Missiles
 d - 3 throwing nets (quivered)
Armour
 c - a +0 helmet (melded)
 n - a +0 pair of boots (melded)
 p - the +3 leather armour of the Leaf (melded) {rPois Int+2 Dex+4}
   (You found it on level 3 of the Dungeon)

   Int:       It affects your intelligence (+2).
   Dex:       It affects your dexterity (+4).
   rPois:     It protects you from poison.
Jewellery
 k - an amulet of faith
Wands
 b - a wand of charming (10)
 y - a wand of acid (12)
Scrolls
 g - 2 scrolls of teleportation {unknown}
 h - 2 scrolls of immolation
 l - 2 scrolls of blinking
 m - 2 scrolls of vulnerability
 r - 2 scrolls of magic mapping {unknown}
 t - a scroll of torment {unknown}
 u - a scroll of acquirement {unknown}
 v - a scroll of summoning {unknown}
 z - 2 scrolls of holy word
Potions
 f - 2 potions of brilliance {unknown}
 i - a potion of berserk rage {unknown}
 j - 3 potions of heal wounds
 o - a potion of attraction
 q - 2 potions of curing
 s - a potion of lignification
 w - 5 potions of degeneration
 x - 2 potions of haste {unknown}
 A - a potion of mutation {unknown}
 B - a potion of resistance {unknown}


   Skills:
 + Level 5.7 Fighting
 * Level 10.7 Polearms
 - Level 2.0 Throwing
 + Level 0.2 Armour
 + Level 7.5 Dodging
 + Level 4.9 Invocations


You had 7 spell levels left.
You didn't know any spells.
Your spell library contained the following spells:

 Spells                   Type           Power      Damage    Failure   Level
 Animate Skeleton         Necr           0%         N/A       43%         1


Dungeon Overview and Level Annotations

Branches:
Dungeon (6/15)             Temple (0/1) D:5

Altars:
Kikubaaqudgha
Sif Muna
Vehumet
Yredelemnul

Annotations:
D:6 KittyFluff's ghost, novice GrBe; Malificent's ghost, novice VSFi


Innate Abilities, Weirdness & Mutations

You are a tree.
Your roots penetrate the ground, keeping you stationary.
You cannot be teleported.
You are immune to unholy pain and torment.
Your maximum health is greatly increased.
Your equipment is partially melded.
((You are very nimble when in or above water. (Stealth+, EV+, Speed+++)))
((Your lower body shifts to a powerful aquatic tail in water.))


Message History

Malificent's ghost hits you but does no damage.
You hit Malificent's ghost.
Malificent's ghost is heavily damaged.
KittyFluff's ghost hits you.
Your orc priest zombie hits Malificent's ghost but does no damage.
Malificent's ghost hits you but does no damage.
You barely miss Malificent's ghost.
Malificent's ghost is heavily damaged.
KittyFluff's ghost hits you! Malificent's ghost hits you.
Your orc priest zombie hits Malificent's ghost but does no damage.
You hit Malificent's ghost.
Malificent's ghost is heavily damaged.
KittyFluff's ghost hits you.
You barely miss Malificent's ghost.
Malificent's ghost is heavily damaged.
Malificent's ghost hits you!
* * * LOW HITPOINT WARNING * * *
Your orc priest zombie hits Malificent's ghost but does no damage.
You completely miss Malificent's ghost.
Malificent's ghost is heavily damaged.
KittyFluff's ghost hits you but does no damage.
Malificent's ghost hits you but does no damage.
You hit Malificent's ghost but do no damage.
Malificent's ghost is heavily damaged.
Your orc priest zombie hits Malificent's ghost but does no damage.
KittyFluff's ghost hits you.
* * * LOW HITPOINT WARNING * * *
Malificent's ghost completely misses you.
You hit Malificent's ghost but do no damage.
Malificent's ghost is heavily damaged.
KittyFluff's ghost says, "To die, to sleep, no more."
KittyFluff's ghost hits you but does no damage.
Your orc priest zombie hits Malificent's ghost but does no damage.
You hit Malificent's ghost but do no damage.
Malificent's ghost is heavily damaged.
Malificent's ghost hits you!
* * * LOW HITPOINT WARNING * * *
KittyFluff's ghost hits you!
You die...
Your body rises from the dead as a mindless zombie.

######.<#.# #.# ###
#..#.# ###!P⌠P$##
#####..#.# ##8.....8##
#......#.####).......!#
##.###.......#P.......P#
.....(...#####⌠.......⌠#
##.#####.# #P.......P#
.....<...# ###W''###
.#.####Z.# #.♣WZ...#
.#.# #..# #.......#
...## #Z.# ####....#
....# #..# ####.# ....#
#..# #.# .#.Z###..# #.#
.....ZZ..# #.#
##..###### #.# ##..# #Z#


You could see KittyFluff's ghost, Malificent's ghost (ally target) and a
friendly orc priest zombie.

Vanquished Creatures
  A steam dragon (D:5)
  A black bear (D:5)
  An ice beast (D:5)
  A sky beast (D:5)
  A necrophage (D:5)
  2 ogres
  2 phantoms (D:6)
  A wyvern skeleton (D:5)
  A centaur zombie (D:6)
  A bullfrog zombie (D:6)
  A centaur skeleton (D:3)
  3 hounds
  A bullfrog skeleton (D:4)
  3 orc priests
  An iguana (D:5)
  2 orc wizards
  6 adders
  3 white imps
  An adder zombie (D:5)
  2 worms
  3 dart slugs
  15 orcs
  6 ball pythons
  7 bats
  5 endoplasms
  2 giant cockroaches
  9 goblins
  12 hobgoblins
  2 jackals (D:2)
  5 kobolds
  3 quokkas
  2 frilled lizards
  A rat (D:2)
107 creatures vanquished.

Vanquished Creatures (collateral kills)
  A water moccasin (D:5)
  An orc (D:5)
  A ball python (D:3)
  A goblin (D:1)
  2 kobolds
  A quokka (D:5)
  An orc zombie (D:5)
8 creatures vanquished.

Vanquished Creatures (others)
  A scorpion (D:5)
  An iguana (D:5)
  3 adder zombies
  2 iguana zombies (D:5)
  7 orc zombies
  2 quokka zombies (D:5)
  17 demonic plants (D:1)
  7 fungi (D:1)
  34 plants (D:1)
  6 withered plants (D:1)
80 creatures vanquished.

Grand Total: 195 creatures vanquished

Notes
Turn   | Place    | Note
-------+----------+-------------------------------------------
     0 | D:1      | Naeght the Merfolk Gladiator began the quest for the Orb.
     0 | D:1      | Reached XP level 1. HP: 16/16 MP: 1/1
    70 | D:1      | Reached XP level 2. HP: 22/23 MP: 2/2
   103 | D:1      | Reached skill level 5 in Polearms
   958 | D:1      | Reached XP level 3. HP: 28/28 MP: 3/3
   959 | D:1      | Found a faded altar of an unknown god.
   985 | D:1      | Prayed at the altar of an unknown god.
   985 | D:1      | Became a worshipper of Yredelemnul the Dark
   985 | D:1      | Reached * piety under Yredelemnul
  1824 | D:2      | Found a shimmering blue altar of Sif Muna.
  2311 | D:3      | Reached XP level 4. HP: 31/35 MP: 4/4
  2375 | D:3      | Reached skill level 6 in Polearms
  2375 | D:3      | Reached skill level 1 in Invocations
  2619 | D:3      | Reached XP level 5. HP: 28/41 MP: 6/6
  2878 | D:3      | Identified the +3 leather armour of the Leaf {rPois Int+2
                  | Dex+4}
  2909 | D:3      | Reached skill level 5 in Dodging
  2936 | D:3      | Reached ** piety under Yredelemnul
  3486 | D:4      | Noticed an ogre
  3567 | D:4      | Killed an ogre
  3568 | D:4      | Reached skill level 7 in Polearms
  3568 | D:4      | Reached XP level 6. HP: 41/48 MP: 7/7
  4158 | D:5      | Entered Level 5 of the Dungeon
  4158 | D:5      | Found a staircase to the Ecumenical Temple.
  4493 | D:5      | Reached XP level 7. HP: 50/54 MP: 7/9
  4535 | D:5      | Reached skill level 8 in Polearms
  5065 | D:5      | Reached skill level 9 in Polearms
  5074 | D:5      | Reached XP level 8. HP: 61/61 MP: 10/10
  5075 | D:5      | Found a radiant altar of Vehumet.
  5147 | D:5      | Reached skill level 5 in Fighting
  5505 | D:5      | Reached skill level 10 in Polearms
  5672 | D:5      | Found an ancient bone altar of Kikubaaqudgha.
  5673 | D:5      | Found a shimmering blue altar of Sif Muna.
  5678 | D:5      | Got Kikubaaqudgha's Handbook of Dark Arts
  6548 | D:6      | Found a runed translucent gate.
  6550 | D:6      | Found a runed translucent gate.
  6550 | D:6      | Found a runed translucent gate.
  6552 | D:6      | Noticed Malificent's ghost (novice VSFi)
  6552 | D:6      | Noticed KittyFluff's ghost (novice GrBe)
  6609 | D:6      | Slain by KittyFluff's ghost

Illustrated notes

Levels and vault maps discovered:
D:1:      erik_arrival_cave_to_civilisation [erik_arrival_cave_to_hall],
          layout_basic, shapermc_ecumenical_altar_gd, serial_bayou_lagoon_a,
          minmay_strange_pillars
D:2:      layout_loops_cross, basic_altar, hex_medium,
          kennysheep_generic_room_13
D:3:      layout_basic, saegor_snake_ambush
D:4:      layout_gridville, nicolae_concentric_dashed_squares_wild
D:5:      layout_basic, grunt_temple_overflow_magic_moments,
          minmay_temple_entry_mini_moons, minmay_increasing_density
D:6:      layout_loops_ring, gammafunk_ghost_cemetery

Skill      XL: |  1  2  3  4  5  6  7  8 |
---------------+-------------------------+-----
Polearms       | 5 6 7 9 10 | 10.7
Fighting       | 3 4 5 |  5.7
Invocations    | 1 2 3 4 |  4.9
Dodging        | 5 6 7 |  7.5
Throwing       | |  2.0
Armour         | |  0.2

Action                   |  1- 3 |  4- 6 |  7- 9 || total
-------------------------+-------+-------+-------++-------
Melee: Trident           |   111 |   183 |   218 ||   512
       Punch             |     1 |     3 |     5 ||     9
Invok: Recall Undead Har |     1 |       |     1 ||     2
Evoke: Wand              |       |       |     1 ||     1
  Use: Scroll            |       |       |     9 ||     9
       Potion            |       |       |     1 ||     1
 Stab: Sleeping          |     4 |     3 |     1 ||     8
       Distracted        |       |     1 |     2 ||     3
Armor: Leather armour    |    30 |    69 |    40 ||   139
       Skin              |       |       |    19 ||    19
Dodge: Dodged            |    70 |    75 |   122 ||   267
